 Dungeon Crawl Stone Soup version 0.23-a0-309-ge7838e6 (webtiles) character file.

28 Amnesiac the Magician (level 3, -5/24 HPs)
             Began as a Mummy Earth Elementalist on Oct 11, 2018.
             Slain by an orc
             ... wielding a +0 war axe
              (9 damage)
             ... on level 4 of the Dungeon.
             The game lasted 00:02:19 (452 turns).

Amnesiac the Magician (Mummy Earth Elementalist)     Turns: 452, Time: 00:02:19

Health: -5/24      AC:  3    Str: 11    XL:     3   Next: 0%
Magic:  2/7        EV: 12    Int: 14    God:
Gold:   79         SH:  0    Dex: 13    Spells: 5/8 levels left

rFire    x . .     SeeInvis .   a - +0 dagger
rCold    + . .     Gourm    .   (no shield)
rNeg     + + +     Faith    .   c - +0 robe
rPois    ∞         Spirit   .   f - +0 helmet
rElec    .         Reflect  .   (no cloak)
rCorr    .         Harm     .   (no gloves)
MR       .....                  (no boots)
Stlth    ++........             (no amulet)
HPRegen  0.08/turn              (no ring)
MPRegen  0.10/turn              (no ring)

@: no status effects
A: no food or potions, fire vulnerability, cold resistance 1, negative energy
resistance 3, torment resistance, unbreathing
a: no special abilities


You were on level 4 of the Dungeon.
You were not hungry.

You visited 1 branch of the dungeon, and saw 5 of its levels.

You collected 79 gold pieces.

Inventory:

Hand Weapons
 a - a +0 dagger (weapon)
Missiles
 b - 59 stones (quivered)
Armour
 c - a +0 robe (worn)
 f - a +0 helmet (worn)
Wands
 d - a wand of clouds (5)


   Skills:
 + Level 0.6 Short Blades
 - Level 1.5 Dodging
 - Level 1.5 Stealth
 - Level 3.1 Spellcasting
 * Level 1.1 Transmutations
 - Level 3.0 Earth Magic


You had 5 spell levels left.
You knew the following spells:

 Your Spells              Type           Power        Failure   Level  Hunger
a - Sandblast             Erth           ##....       6%          1    N/A
b - Passwall              Tmut/Erth      #.......     14%         2    N/A

Your spell library contained the following spells:

 Spells                   Type           Power        Failure   Level  Hunger
 Stone Arrow              Conj/Erth      #.....       34%         3    N/A
 Petrify                  Tmut/Erth      #.......     65%         4    N/A
 Lee's Rapid Deconstruct  Erth           ##........   86%         5    N/A

Dungeon Overview and Level Annotations

Branches:
Dungeon (5/15)
 Temple: D:4-7

Altars:
Ru

Annotations:
D:2 Natasha


Innate Abilities, Weirdness & Mutations

You do not eat or drink.
Your flesh is vulnerable to fire.
You are immune to poison.
Your flesh is cold resistant. (rC+)
You are immune to negative energy. (rN+++)
You are immune to unholy pain and torment.
You can survive without breathing.


Message History

An orc wizard opens the door.
Really read
e - a scroll labeled SUOG DEPTOENNU {!r}?
As you read the scroll labeled SUOG DEPTOENNU {!r}, it crumbles to dust.
You feel blessed for a moment.
It was a scroll of remove curse {!r}.
An orc priest comes into view.
Casting: Sandblast (safe; 6% risk of failure)
Confirm with . or Enter, or press ? or * to list all spells.
Aiming: Sandblast (safe; 6% risk of failure)
Press: ? - help, Shift-Dir - straight line, f - orc wizard
Aim: an orc wizard, wielding a dagger and wearing a robe The blast of sand hits the orc wizard.
The orc wizard is lightly wounded.
b - 63 stones The orc priest shouts!
The orc wizard closely misses you.
Unknown command.
Casting: Sandblast (safe; 6% risk of failure)
Confirm with . or Enter, or press ? or * to list all spells.
Aiming: Sandblast (safe; 6% risk of failure)
Press: ? - help, Shift-Dir - straight line, f/p - orc wizard
Aim: an orc wizard, wielding a dagger and wearing a robe (lightly wounded)
The blast of sand hits the orc wizard.
The orc wizard is moderately wounded.
b - 62 stones The orc wizard hits you with a dagger.
* * * LOW HITPOINT WARNING * * *
The orc priest begins to cast a cantrip, but forgets the words!
Unknown command.
Casting: Sandblast (safe; 6% risk of failure)
Confirm with . or Enter, or press ? or * to list all spells.
Aiming: Sandblast (safe; 6% risk of failure)
Press: ? - help, Shift-Dir - straight line, f/p - orc wizard
Aim: an orc wizard, wielding a dagger and wearing a robe (moderately wounded)
The blast of sand misses the orc wizard.
The blast of sand hits the orc.
The orc is severely wounded.
b - 61 stones The orc wizard hits you with a dagger.
* * * LOW HITPOINT WARNING * * *
Unknown command.
Casting: Sandblast (safe; 6% risk of failure)
Confirm with . or Enter, or press ? or * to list all spells.
Aiming: Sandblast (safe; 6% risk of failure)
Press: ? - help, Shift-Dir - straight line, f/p - orc wizard
Aim: an orc wizard, wielding a dagger and wearing a robe (moderately wounded)
The blast of sand hits the orc wizard.
The orc wizard is heavily wounded.
b - 60 stones The orc wizard shouts!
The orc wizard mumbles some strange words.
The orc wizard flickers and vanishes!
Deactivating autopickup; reactivate with Ctrl-A.
The orc closely misses you. The orc wizard closely misses you.
Unknown command.
Casting: Sandblast (safe; 6% risk of failure)
Confirm with . or Enter, or press ? or * to list all spells.
Aiming: Sandblast (safe; 6% risk of failure)
Press: ? - help, Shift-Dir - straight line, f/p - orc wizard
Aim: an orc wizard, wielding a dagger and wearing a robe (heavily wounded)
The blast of sand hits the orc wizard.
The orc wizard is severely wounded.
b - 59 stones The orc wizard barely misses you.
The orc hits you with a war axe!
You die...

#########################
.............!...........
#####......)####.........
............'o.'.........
.........!.o####oo.......
..##........# #@........
............# #...o.....
..###.......# #.........
..###.......# #.........
...........o##########...
.....###..........# ...
.....# #..........#
.....###..........#
.>...'.'............)..
######


You could see an orc priest, an orc wizard and an orc.

Vanquished Creatures
  A hound skeleton (D:4)
  A howler monkey skeleton (D:4)
  A dart slug (D:4)
  A goblin (D:1)
  A kobold (D:3)
  A rat (D:2)
6 creatures vanquished.

Notes
Turn   | Place    | Note
-------+----------+-------------------------------------------
     0 | D:1      | Amnesiac the Mummy Earth Elementalist began the quest for
                  | the Orb.
     0 | D:1      | Reached XP level 1. HP: 13/13 MP: 4/4
    46 | D:2      | Noticed Natasha
   259 | D:4      | Reached XP level 2. HP: 15/19 MP: 0/5
   263 | D:4      | Learned a level 2 spell: Passwall
   285 | D:5      | Entered Level 5 of the Dungeon
   362 | D:3      | Found a sacrificial altar of Ru.
   380 | D:4      | Reached skill level 1 in Transmutations
   380 | D:4      | Reached XP level 3. HP: 24/24 MP: 3/7
   452 | D:4      | Slain by an orc

Vault maps used:
D:1:      arrival_zaba_pyramid
D:2:      gammafunk_temple_overflow_statue, serial_curves, eino_curves_03,
          eino_curves_03, tgw_fedhas, uniq_natasha
D:3:      kennysheep_slugbush, nicolae_ru_awakened_eye, uniq_grinder,
          uniq_robin, uniq_ijyb
D:4:      kennysheep_mini_moat, uniq_menkaure
D:5:      minmay_temple_entry_butterflies, first_ration, uniq_eustachio

Skill      XL: |  1  2 |
---------------+-------+-----
Earth Magic    | 3 |  3.0
Spellcasting   | 3 |  3.1
Transmutations | 1 |  1.1
Short Blades   | |  0.6
Dodging        | |  1.5
Stealth        | |  1.5

Action                   || total
-------------------------++-------
Melee: Dagger            ||    13
 Cast: Sandblast         ||    13
  Use: Scroll            ||     2
 Stab: Sleeping          ||     1
Dodge: Dodged            ||    11

Table legend:
 A = Non-vault XP
 B = Vault XP
 C = Vault XP percentage of total XP
 D = Non-vault monster count
 E = Vault monster count
 F = Vault count percentage of total count
                 A         B        C        D         E       F
            +---------+---------+-------+---------+---------+-------
      Total |      41 |       0 |   0.0 |       6 |       0 |   0.0
            +---------+---------+-------+---------+---------+-------
        D:1 |       2 |       0 |   0.0 |       1 |       0 |   0.0
        D:2 |       1 |       0 |   0.0 |       1 |       0 |   0.0
        D:3 |       2 |       0 |   0.0 |       1 |       0 |   0.0
        D:4 |      36 |       0 |   0.0 |       3 |       0 |   0.0
            +---------+---------+-------+---------+---------+-------
